 Dungeon Crawl Stone Soup version 0.17-a0-2115-g0d8b93e (webtiles) character file.

6858 Banto the Covert (level 11, -7/62 HPs)
             Began as a Halfling Artificer on Oct 20, 2015.
             Mangled by a crocodile (9 damage)
             ... on level 1 of the Lair of Beasts.
             The game lasted 00:29:54 (15203 turns).

Banto the Covert (Halfling Artificer)              Turns: 15203, Time: 00:29:54

Health: -7/62      AC:  7    Str: 11      XL:     11   Next: 26%
Magic:  13/13      EV: 22    Int:  8      God:
Gold:   494        SH:  0    Dex: 18 (19) Spells: 0 memorised, 10 levels left

rFire  + . .     SeeInvis .     b - +0 blowgun
rCold  . . .     Clarity  +     z - +0 leather armour
rNeg   . . .     SustAt   .     (shield restricted)
rPois  .         Gourm    .     (no helmet)
rElec  .         Spirit   .     h - +0 cloak
rCorr  .         Warding  .     q - +1 pair of gloves
rMut   .         Stasis   .     (no boots)
MR     .....                    w - amulet of clarity
Stlth  ++++++....               t - ring of protection from fire
                                x - -3 ring of intelligence (curse)

@: not resistant to hostile enchantments, very stealthy
A: mutation resistance 1
a: no special abilities


You were on level 1 of the Lair of Beasts.
You were near starving.

You visited 3 branches of the dungeon, and saw 12 of its levels.

You collected 554 gold pieces.
You spent 60 gold pieces at shops.

Inventory:

Hand Weapons
 a - a +0 rapier
 b - a +0 blowgun (weapon)
Missiles
 F - 5 poisoned needles (quivered)
Armour
 h - a +0 cloak (worn)
 q - a +1 pair of gloves (worn)
 z - a +0 leather armour (worn)
Jewellery
 f - an uncursed ring of fire {unknown}
 k - a +4 ring of strength
 t - a ring of protection from fire (right hand)
 w - an amulet of clarity (around neck)
 x - a cursed -3 ring of intelligence (left hand)
Wands
 c - a wand of flame (0)
 d - a wand of enslavement (0)
 g - a wand of slowing (14)
Scrolls
 i - a scroll of enchant armour
 j - 2 scrolls of teleportation
 l - 3 scrolls of fog
 v - 2 scrolls of amnesia
 y - 2 scrolls of enchant weapon
 B - a scroll of silence
 C - a scroll of remove curse
Potions
 e - a potion of brilliance
 o - 3 potions of agility
 u - 3 potions of might
 D - a potion of curing
Comestibles
 m - 3 meat rations
 p - 3 slices of pizza
 r - a bread ration
 A - 3 fruits


   Skills:
 - Level 0.8 Fighting
 - Level 10.0 Short Blades
 + Level 6.0 Armour
 + Level 10.0 Dodging
 - Level 12.0 Stealth
 - Level 3.0 Evocations


You had 10 spell levels left.
You didn't know any spells.

Dungeon Overview and Level Annotations

Branches:
Dungeon (10/15)            Temple (1/1) D:7            Lair (1/8) D:8
    Orc: D:9-12

Altars:
Ashenzari
Cheibriados
Dithmenos
Fedhas
Kikubaaqudgha
Makhleb
Nemelex Xobeh
Okawaru
Qazlal
Ru
Sif Muna
Trog
Vehumet
Xom
Yredelemnul
Zin
The Shining One

Shops:
D:9 (%*

Annotations:
D:5 Grinder
D:9 bezhaha's ghost, novice HuMo


Innate Abilities, Weirdness & Mutations

You are small and have problems with some larger weapons.
You are somewhat resistant to further mutation.


Message History

Press: ? - help, Shift-Dir - straight line, f/p - crocodile
Aim: a crocodile (moderately wounded, poisoned)
You shoot a poisoned needle.
The poisoned needle closely misses the crocodile.
The crocodile closely misses you.
Firing (i - inventory):
F - 7 poisoned needles (quivered)
Press: ? - help, Shift-Dir - straight line, f/p - crocodile
Aim: a crocodile (moderately wounded, poisoned)
You shoot a poisoned needle. The poisoned needle hits the crocodile!
The crocodile looks even sicker.
The crocodile is moderately wounded.
The crocodile bites you!
* * * LOW HITPOINT WARNING * * *
Firing (i - inventory):
F - 6 poisoned needles (quivered)
Press: ? - help, Shift-Dir - straight line, f/p - crocodile
Aim: a crocodile (moderately wounded, poisoned)
You shoot a poisoned needle. The poisoned needle hits the crocodile!
The crocodile is moderately wounded.
The crocodile bites you!
You die...

≈≈≈P≈≈≈≈≈P.#..#
P≈≈P≈≈P≈≈P.P.##
≈P≈≈≈P≈≈≈≈...(#
≈≈≈≈≈P≈≈≈P.#..#
≈PP≈≈≈≈P≈≈....#
≈≈≈≈≈≈≈P≈≈♣.#.#
≈≈≈≈≈≈≈≈≈≈♣.#.#
P≈≈≈≈≈≈≈≈≈♣.#t#
P≈≈≈≈≈≈≈≈♣♣.#@#
≈≈≈≈≈≈PP♣♣.#.#
≈≈P≈♣♣ ♣...#
♣...# #...#
#...# #####


You could see a crocodile.

Vanquished Creatures
  3 komodo dragons (D:8)
  2 two-headed ogres (D:9)
  7 yaks
  A spriggan (D:7)
  2 hippogriffs
  Menkaure (D:5)
  A mottled dragon (D:8)
  2 orc warriors
  A wasp (D:9)
  4 killer bees (D:8)
  A necrophage (D:9)
  An ice beast (D:9)
  2 sky beasts
  A black bear (D:6)
  3 phantoms
  2 ogres
  A crocodile (Lair:1)
  9 giant frogs
  A big kobold (D:9)
  2 centaurs
  A water moccasin zombie (D:6)
  3 scorpions
  A quasit (D:8)
  2 giant frog zombies (D:8)
  9 hounds
  4 crimson imps
  3 jellies
  2 orc wizards
  A wasp zombie (D:9)
  5 orc priests
  Crazy Yiuf (D:4)
  A centaur skeleton (D:3)
  A giant frog skeleton (D:8)
  7 iguanas
  5 worker ants
  A hound zombie (D:8)
  A hound skeleton (D:6)
  15 adders
  5 gnolls
  A shadow imp (D:6)
  2 oozes
  3 adder skeletons
  An adder zombie (D:6)
  6 worms
  5 giant geckos
  20 orcs
  2 ball pythons
  7 bats
  7 giant cockroaches
  8 goblins
  8 hobgoblins
  10 jackals
  5 kobolds
  3 quokkas
  7 giant newts
  2 jackal skeletons
  A quokka skeleton (D:6)
  2 rats
  2 fungi
217 creatures vanquished.

Vanquished Creatures (collateral kills)
  A yak (D:9)
  An ice beast (D:9)
  2 orc priests
  A gnoll (D:2)
  2 orcs
  A jackal skeleton (D:5)
  A rat (D:2)
  A plant (D:9)
10 creatures vanquished.

Vanquished Creatures (others)
  A ghoul (D:1)
  A minotaur (D:1)
  2 octopodes (D:1)
  A troll (D:1)
  2 yaks (D:9)
  2 humans (D:1)
  A naga (D:1)
  An ogre (D:1)
  2 dwarves (D:1)
  A killer bee (D:8)
  An orc wizard (D:3)
  5 sheep (D:6)
  A mummy (D:1)
  3 orcs (D:3)
  A rat (D:1)
  4 tentacles (D:1)
  28 tentacle segments (D:1)
57 creatures vanquished.

Grand Total: 284 creatures vanquished

Notes
Turn   | Place    | Note
--------------------------------------------------------------
     0 | D:1      | Banto the Halfling Artificer began the quest for the Orb.
     0 | D:1      | Reached XP level 1. HP: 12/12 MP: 3/3
     0 | D:1      | Noticed a dwarf
     0 | D:1      | Noticed an octopode
     0 | D:1      | Noticed a human
     0 | D:1      | Noticed an octopode
     0 | D:1      | Noticed a minotaur
     0 | D:1      | Noticed a kraken
     0 | D:1      | Noticed a human
     0 | D:1      | Noticed a troll
     0 | D:1      | Noticed a ghoul
     0 | D:1      | Noticed a dwarf
     0 | D:1      | Noticed a naga
     0 | D:1      | Noticed an ogre
     3 | D:1      | Killed an ogre
     8 | D:1      | Killed a human
    10 | D:1      | Killed a ghoul
    11 | D:1      | Killed a dwarf
    12 | D:1      | Killed an octopode
    13 | D:1      | Killed a human
    13 | D:1      | Killed a naga
    14 | D:1      | Killed a troll
    15 | D:1      | Killed a minotaur
    15 | D:1      | Killed an octopode
    16 | D:1      | Killed a dwarf
   466 | D:1      | Reached XP level 2. HP: 16/18 MP: 4/4
   827 | D:1      | Reached XP level 3. HP: 9/22 MP: 5/5
  1589 | D:2      | Reached XP level 4. HP: 27/27 MP: 6/6
  1828 | D:2      | You fall through a shaft for 2 floors!
  1880 | D:4      | Reached skill level 4 in Short Blades
  1880 | D:4      | Reached XP level 5. HP: 32/32 MP: 7/7
  2841 | D:3      | Found an iron altar of Okawaru.
  3126 | D:3      | Reached skill level 5 in Short Blades
  3126 | D:3      | Reached XP level 6. HP: 10/37 MP: 8/8
  3363 | D:3      | Found a radiant altar of Vehumet.
  3581 | D:3      | Found a shadowy altar of Dithmenos.
  3737 | D:4      | Reached skill level 5 in Stealth
  4080 | D:4      | Reached skill level 6 in Short Blades
  4442 | D:4      | Reached XP level 7. HP: 39/42 MP: 9/9
  4639 | D:4      | Noticed Crazy Yiuf
  4844 | D:4      | Killed Crazy Yiuf
  5131 | D:5      | Entered Level 5 of the Dungeon
  5210 | D:5      | Noticed Menkaure
  5222 | D:5      | Killed Menkaure
  5222 | D:5      | Reached skill level 7 in Short Blades
  5928 | D:5      | Noticed Grinder
  6158 | D:6      | Found a blossoming altar of Fedhas.
  6176 | D:6      | Found a sacrificial altar of Ru.
  6251 | D:6      | Reached XP level 8. HP: 47/47 MP: 10/10
  6289 | D:6      | Reached skill level 8 in Short Blades
  6353 | D:6      | Found a glowing silver altar of Zin.
  6455 | D:6      | Found a deep blue altar of Sif Muna.
  6455 | D:6      | Found a snail-covered altar of Cheibriados.
  6903 | D:6      | Reached skill level 9 in Short Blades
  7377 | D:6      | Found a shimmering altar of Xom.
  7545 | D:7      | Found a staircase to the Ecumenical Temple.
  7556 | Temple   | Entered the Ecumenical Temple
  7759 | D:7      | Reached XP level 9. HP: 37/52 MP: 11/11
  7934 | D:7      | Noticed a spriggan baker
  7945 | D:7      | Killed a spriggan baker
  7945 | D:7      | Reached skill level 10 in Short Blades
  8200 | D:7      | Found a stormy altar of Qazlal.
  8200 | D:7      | Found a sparkling altar of Nemelex Xobeh.
  8389 | D:8      | Reached skill level 10 in Stealth
  8660 | D:8      | Found a bloodstained altar of Trog.
  8959 | D:8      | Reached skill level 5 in Dodging
  9396 | D:8      | Noticed a komodo dragon
  9406 | D:8      | Killed a komodo dragon
  9446 | D:8      | Reached XP level 10. HP: 24/57 MP: 12/12
  9653 | D:8      | Noticed a komodo dragon
  9940 | D:8      | Reached skill level 11 in Stealth
 10110 | D:8      | Found a staircase to the Lair.
 10187 | D:8      | Killed a komodo dragon
 10218 | D:8      | Noticed a komodo dragon
 10502 | D:9      | Found Evik's Antique Weapon Emporium.
 11047 | D:8      | Killed a komodo dragon
 11395 | D:8      | Reached skill level 12 in Stealth
 11693 | D:9      | Reached skill level 1 in Armour
 12154 | D:9      | Found Ypli's General Store.
 12157 | D:9      | Bought a +0 rapier for 60 gold pieces
 12166 | D:9      | Noticed bezhaha's ghost (novice HuMo)
 13351 | D:9      | Reached XP level 11. HP: 19/62 MP: 13/13
 13711 | D:9      | HP: 2/62 [yak (13)]
 13766 | D:9      | HP: 1/62 [acid (5)]
 13888 | D:9      | Found Piddisk's Food Emporium.
 13959 | D:9      | Reached skill level 5 in Armour
 14576 | D:10     | Entered Level 10 of the Dungeon
 15156 | D:8      | Reached skill level 10 in Dodging
 15163 | Lair:1   | Entered Level 1 of the Lair of Beasts
 15202 | Lair:1   | HP: 2/62 [crocodile (11)]
 15203 | Lair:1   | Mangled by a crocodile

Vault maps used:
D:1:      nicolae_arrival_kraken_aquarium_a
D:2:      minmay_gold_behind_fungi, minmay_misc_feat_rows,
          kennysheep_generic_room_11
D:3:      lemuel_crystal_altar, fiery_altar_vehumet, first_bread,
          okawaru_trees_1
D:4:      minivault_11, uniq_crazy_yiuf_cottage
D:5:      nicolae_overflow_hidden_temple, kennysheep_small_circle,
          uniq_menkaure, uniq_grinder
D:6:      gammafunk_temple_overflow_wave, kennysheep_mini_moat, zin_treasury,
          fedhas_altar_1, kb_xom_exploding_sheep
D:7:      gammafunk_temple_overflow_elements,
          minmay_temple_entry_statues_pillars, the_bakery
D:8:      bloody_trog, erik_lair_dragon
D:9:      serial_shops, kennysheep_mini, nicolae_shop_overgrown_old_shop,
          kennysheep_little_box
D:10:     grunt_decor_one_mirror
Temple:   nicolae_temple_hex_pool
Lair:1:   serial_bayou_shore_a

Action                   |  1- 3 |  4- 6 |  7- 9 | 10-12 || total
-------------------------+-------+-------+-------+-------++-------
Melee: Short sword       |   116 |   295 |   484 |   271 ||  1166
       Rapier            |       |       |       |   422 ||   422
 Fire: Blowgun           |       |       |       |    48 ||    48
Throw: Throwing net      |       |       |     3 |     2 ||     5
Evoke: Wand              |     3 |    12 |    45 |    18 ||    78
  Use: Scroll            |     2 |     8 |     7 |     4 ||    21
       Potion            |       |       |       |     5 ||     5
 Stab: Sleeping          |     2 |     8 |    15 |    10 ||    35
       Distracted        |       |     1 |     1 |     4 ||     6
       Confused          |       |     1 |       |       ||     1
       Held in net/web   |       |       |     2 |     1 ||     3
       Invisible         |       |       |       |     2 ||     2
  Eat: Chunk             |     2 |     7 |    13 |    14 ||    36
       Meat ration       |       |     1 |       |       ||     1
       Royal jelly       |       |       |       |     1 ||     1
       Beef jerky        |       |       |       |     1 ||     1
